MLB
ST. LOUIS CARDINALS @ KANSAS CITY ROYALS
08/05/2020
 
TOP OF THE 1ST
St. Louis Cardinals batting - Pitching for Kansas City Royals : LHP Robbie Ray
Pitching: LHP Robbie Ray
Batting: RHB Hernan Perez 0-0: Called Strike
0-1: Ball
1-1: Called Strike
1-2: Strikes out looking
Batting: LHB Juan Soto 0-0: Ball
1-0: Called Strike
1-1: Swinging Strike
1-2: Strikes out swinging
Batting: SHB Ozzie Albies 0-0: DOUBLE (Flyball, 8LXD, EV 86.9 MPH)
Batting: LHB Austin Meadows 0-0: Called Strike
Passed Ball!
Ozzie Albies to third
0-1: 2-RUN HOME RUN (Flyball, 78XD, EV 94.4 MPH), Distance : 411 ft
Batting: RHB Todd Frazier 0-0: Called Strike
0-1: SINGLE (Groundball, 56D, EV 95.0 MPH)
Batting: SHB Yasmani Grandal 0-0: Ball
1-0: Ball
2-0: Foul Ball, location: 2F
2-1: Ball
3-1: Called Strike
3-2: DOUBLE (Line Drive, 7LS, EV 99.4 MPH)
Todd Frazier to third
Todd Frazier scores
Batting: RHB Harrison Bader 0-0: Called Strike
0-1: Ball
1-1: Foul Ball, location: 2F
1-2: Ball
2-2: Foul Ball, location: 2F
2-2: Foul Ball, location: 2F
2-2: Foul Ball, location: 2F
2-2: Foul Ball, location: 2F
2-2: Strikes out swinging
Top of the 1st over - 3 runs, 4 hits, 0 errors, 1 left on base; St. Louis 3 - Kansas City 0
BOTTOM OF THE 1ST
Kansas City Royals batting - Pitching for St. Louis Cardinals : LHP Luiz Gohara
Pitching: LHP Luiz Gohara
Batting: LHB Trent Grisham 0-0: Called Strike
0-1: SOLO HOME RUN (Flyball, 7D, EV 96.3 MPH), Distance : 391 ft
Batting: RHB Manuel Margot 0-0: Ball
1-0: Called Strike
1-1: Ball
2-1: Foul Ball, location: 2F
2-2: Ball
3-2: Strikes out swinging
Batting: LHB Anthony Rizzo 0-0: Ball
1-0: Called Strike
1-1: Fly out, F7 (Flyball, 7LS, EV 93.8 MPH)
Batting: RHB Nolan Arenado 0-0: Called Strike
0-1: Swinging Strike
0-2: Ball
1-2: Foul Ball, location: 2F
1-2: Ball
2-2: Fly out, F9 (Flyball, 9LS, EV 80.0 MPH)
Bottom of the 1st over - 1 run, 1 hit, 0 errors, 0 left on base; St. Louis 3 - Kansas City 1
TOP OF THE 2ND
St. Louis Cardinals batting - Pitching for Kansas City Royals : LHP Robbie Ray
Batting: LHB Matt Olson 0-0: Called Strike
0-1: Ball
1-1: Ball
2-1: Swinging Strike
2-2: Ball
3-2: SOLO HOME RUN (Flyball, 8LXD, EV 110.0 MPH), Distance : 424 ft
Batting: RHB Brendan Rodgers 0-0: Called Strike
0-1: Ground out 1-3 (Groundball, 13S, EV 76.3 MPH)
Batting: RHB Hernan Perez 0-0: Ball
1-0: Swinging Strike
1-1: Ball
2-1: Called Strike
2-2: Foul Ball, location: 2F
2-2: Ball
3-2: Base on Balls
Batting: LHB Juan Soto 0-0: Ball
1-0: Ball
2-0: Foul Ball, location: 2F
2-1: Fly out, F9 (Flyball, 9S, EV 88.1 MPH)
Batting: SHB Ozzie Albies 0-0: Foul Ball, location: 2F
0-1: Ball
1-1: Swinging Strike
1-2: Ball
2-2: Fly out, F6 (Popup, 6D, EV 51.3 MPH)
Top of the 2nd over - 1 run, 1 hit, 0 errors, 1 left on base; St. Louis 4 - Kansas City 1
BOTTOM OF THE 2ND
Kansas City Royals batting - Pitching for St. Louis Cardinals : LHP Luiz Gohara
Batting: RHB Howie Kendrick 0-0: Ball
1-0: Called Strike
1-1: Ball
2-1: Ball
3-1: Base on Balls
Batting: RHB Aristides Aquino 0-0: Ball
1-0: Ball
2-0: Ball
3-0: Called Strike
3-1: Fly out, F7 (Flyball, 7S, EV 94.4 MPH)
Batting: RHB Dansby Swanson 0-0: Swinging Strike
0-1: Swinging Strike
0-2: Foul Ball, location: 2F
0-2: Strikes out swinging
Batting: RHB Sean Murphy 0-0: Called Strike
0-1: Ball
1-1: Called Strike
1-2: Ball
2-2: Ground out U3 (Groundball, 13, EV 90.6 MPH)
Bottom of the 2nd over - 0 runs, 0 hits, 0 errors, 1 left on base; St. Louis 4 - Kansas City 1
TOP OF THE 3RD
St. Louis Cardinals batting - Pitching for Kansas City Royals : LHP Robbie Ray
Batting: LHB Austin Meadows 0-0: Called Strike
0-1: Foul Ball, location: 2F
0-2: Ground out 5-3 (Groundball, 56, EV 98.1 MPH)
Batting: RHB Todd Frazier 0-0: Foul Ball, location: 2F
0-1: Ball
1-1: Called Strike
1-2: Fly out, F6 (Flyball, 6MD, EV 88.1 MPH)
Batting: SHB Yasmani Grandal 0-0: Called Strike
0-1: Ground out 4-3 (Groundball, 6M, EV 108.8 MPH)
Top of the 3rd over - 0 runs, 0 hits, 0 errors, 0 left on base; St. Louis 4 - Kansas City 1
BOTTOM OF THE 3RD
Kansas City Royals batting - Pitching for St. Louis Cardinals : LHP Luiz Gohara
Batting: LHB Nicky Lopez 0-0: Ball
1-0: Called Strike
1-1: TRIPLE (Flyball, 78XD, EV 93.1 MPH)
Batting: LHB Trent Grisham 0-0: Swinging Strike
0-1: Foul Ball, location: 2F
0-2: Strikes out looking
Batting: RHB Manuel Margot 0-0: DOUBLE (Line Drive, 78D, EV 104.4 MPH)
Nicky Lopez scores
Batting: LHB Anthony Rizzo 0-0: Ball
1-0: Ball
2-0: Ball
3-0: Foul Ball, location: 2F
3-1: Called Strike
3-2: Fly out, F9 (Line Drive, 9D, EV 101.9 MPH)
Batting: RHB Nolan Arenado 0-0: Swinging Strike
0-1: Foul Ball, location: 2F
0-2: Ball
1-2: Ball
2-2: Ball
3-2: Fly out, F7 (Flyball, 7LM, EV 91.3 MPH)
Bottom of the 3rd over - 1 run, 2 hits, 0 errors, 1 left on base; St. Louis 4 - Kansas City 2
TOP OF THE 4TH
St. Louis Cardinals batting - Pitching for Kansas City Royals : LHP Robbie Ray
Batting: RHB Harrison Bader 0-0: Ball
1-0: Called Strike
1-1: Ball
2-1: Called Strike
2-2: Ball
3-2: Fly out, F6 (Flyball, 56D, EV 91.3 MPH)
Batting: LHB Matt Olson 0-0: Ball
1-0: Called Strike
1-1: Swinging Strike
1-2: Ball
2-2: Foul Ball, location: 2F
2-2: Ball
3-2: SOLO HOME RUN (Flyball, 7D, EV 94.4 MPH), Distance : 394 ft
Pitching: RHP Cristian Javier
Batting: RHB Brendan Rodgers 0-0: Called Strike
0-1: Ball
1-1: Ball
2-1: Foul Ball, location: 2F
2-2: Strikes out swinging
Batting: RHB Hernan Perez 0-0: Swinging Strike
0-1: Swinging Strike
0-2: Fly out, F8 (Flyball, 89D, EV 96.9 MPH)
Top of the 4th over - 1 run, 1 hit, 0 errors, 0 left on base; St. Louis 5 - Kansas City 2
BOTTOM OF THE 4TH
Kansas City Royals batting - Pitching for St. Louis Cardinals : LHP Luiz Gohara
Batting: RHB Howie Kendrick 0-0: Ball
1-0: Ground out 6-3 (Groundball, 6, EV 85.0 MPH)
Batting: RHB Aristides Aquino 0-0: Called Strike
0-1: Ball
1-1: Foul Ball, location: 2F
1-2: Foul Ball, location: 2F
1-2: Ball
2-2: Strikes out swinging
Batting: RHB Dansby Swanson 0-0: Called Strike
0-1: Ball
1-1: Fly out, F7 (Line Drive, 7, EV 94.4 MPH)
Bottom of the 4th over - 0 runs, 0 hits, 0 errors, 0 left on base; St. Louis 5 - Kansas City 2
TOP OF THE 5TH
St. Louis Cardinals batting - Pitching for Kansas City Royals : RHP Cristian Javier
Batting: LHB Juan Soto 0-0: Ball
1-0: Ball
2-0: Ground out 4-3 (Groundball, 4, EV 100.0 MPH)
Batting: SHB Ozzie Albies 0-0: Ball
1-0: Called Strike
1-1: Foul Ball, location: 2F
1-2: Fly out, F7 (Flyball, 78D, EV 90.6 MPH)
Batting: LHB Austin Meadows 0-0: Foul Ball, location: 2F
0-1: Swinging Strike
0-2: Ball
1-2: Strikes out swinging
Top of the 5th over - 0 runs, 0 hits, 0 errors, 0 left on base; St. Louis 5 - Kansas City 2
BOTTOM OF THE 5TH
Kansas City Royals batting - Pitching for St. Louis Cardinals : LHP Luiz Gohara
Batting: RHB Sean Murphy 0-0: Foul Ball, location: 2F
0-1: Foul Ball, location: 2F
0-2: Ball
1-2: Ball
2-2: Strikes out looking
Batting: LHB Nicky Lopez 0-0: Called Strike
0-1: Ball
1-1: Ball
2-1: Foul Ball, location: 2F
2-2: DOUBLE (Flyball, 8LXD, EV 104.4 MPH)
Batting: LHB Trent Grisham 0-0: Ball
1-0: Foul Ball, location: 2F
1-1: Foul Ball, location: 2F
1-2: Strikes out swinging
Batting: RHB Manuel Margot 0-0: Ball
1-0: Fly out, F9 (Flyball, 89XD, EV 83.1 MPH)
Bottom of the 5th over - 0 runs, 1 hit, 0 errors, 1 left on base; St. Louis 5 - Kansas City 2
TOP OF THE 6TH
St. Louis Cardinals batting - Pitching for Kansas City Royals : RHP Cristian Javier
Batting: RHB Todd Frazier 0-0: Foul Ball, location: 2F
0-1: Ball
1-1: Ball
2-1: Ball
3-1: Called Strike
3-2: Fly out, F7 (Flyball, 7D, EV 96.9 MPH)
Pitching: RHP Carl Edwards Jr.
Batting: SHB Yasmani Grandal 0-0: Ball
1-0: Called Strike
1-1: Swinging Strike
1-2: Strikes out swinging
Batting: RHB Harrison Bader 0-0: Ball
1-0: Foul Ball, location: 2F
1-1: Ball
2-1: Ball
3-1: Base on Balls
Batting: LHB Matt Olson 0-0: Foul Ball, location: 2F
0-1: Ball
1-1: Ball
2-1: Ball
3-1: Base on Balls
Harrison Bader to second
Batting: RHB Brendan Rodgers 0-0: Foul Ball, location: 2F
0-1: Swinging Strike
0-2: Strikes out swinging
Top of the 6th over - 0 runs, 0 hits, 0 errors, 2 left on base; St. Louis 5 - Kansas City 2
BOTTOM OF THE 6TH
Kansas City Royals batting - Pitching for St. Louis Cardinals : LHP Luiz Gohara
Batting: LHB Anthony Rizzo 0-0: Called Strike
0-1: Called Strike
0-2: Fly out, F9 (Flyball, 9LD, EV 106.3 MPH)
Batting: RHB Nolan Arenado 0-0: Ball
1-0: Ball
2-0: Ball
3-0: Base on Balls
Batting: RHB Howie Kendrick 0-0: Called Strike
0-1: Ball
1-1: Foul Ball, location: 2F
1-2: Strikes out swinging
Pitching: RHP Dillon Maples
Batting: RHB Aristides Aquino 0-0: Ball
1-0: Ball
2-0: Called Strike
2-1: Ball
3-1: Base on Balls
Nolan Arenado to second
Batting: RHB Dansby Swanson 0-0: Ball
1-0: Swinging Strike
1-1: Called Strike
1-2: Ball
2-2: Strikes out swinging
Bottom of the 6th over - 0 runs, 0 hits, 0 errors, 2 left on base; St. Louis 5 - Kansas City 2
TOP OF THE 7TH
St. Louis Cardinals batting - Pitching for Kansas City Royals : RHP Carl Edwards Jr.
Pitching: RHP Silvino Bracho
Batting: RHB Hernan Perez 0-0: Ball
1-0: Foul Ball, location: 2F
1-1: Foul Ball, location: 2F
1-2: Strikes out swinging
Batting: LHB Juan Soto 0-0: Ball
1-0: Ground out 4-3 (Groundball, 34, EV 85.0 MPH)
Batting: SHB Ozzie Albies 0-0: Foul Ball, location: 2F
0-1: Ball
1-1: Ball
2-1: Foul Ball, location: 2F
2-2: Ball
3-2: Strikes out looking
Top of the 7th over - 0 runs, 0 hits, 0 errors, 0 left on base; St. Louis 5 - Kansas City 2
BOTTOM OF THE 7TH
Kansas City Royals batting - Pitching for St. Louis Cardinals : RHP Dillon Maples
Batting: RHB Sean Murphy 0-0: Fly out, F8 (Flyball, 8RS, EV 88.1 MPH)
Batting: LHB Nicky Lopez 0-0: Called Strike
0-1: Ball
1-1: Called Strike
1-2: Fly out, F9 (Line Drive, 9, EV 87.5 MPH)
Batting: LHB Trent Grisham 0-0: Called Strike
0-1: Ball
1-1: Called Strike
1-2: Strikes out swinging
Bottom of the 7th over - 0 runs, 0 hits, 0 errors, 0 left on base; St. Louis 5 - Kansas City 2
TOP OF THE 8TH
St. Louis Cardinals batting - Pitching for Kansas City Royals : RHP Silvino Bracho
Pitching: LHP JoJo Romero
Batting: LHB Austin Meadows 0-0: Fly out, F5 (Popup, 56S, EV 74.4 MPH)
Batting: RHB Todd Frazier 0-0: Ball
1-0: Called Strike
1-1: SINGLE (Groundball, 6D, EV 106.3 MPH)
Batting: SHB Yasmani Grandal 0-0: Called Strike
0-1: Foul Ball, location: 2F
0-2: Ball
1-2: Ball
2-2: Foul Ball, location: 2F
2-2: Foul Ball, location: 2F
2-2: Ball
3-2: Grounds into double play, U4-3 (Groundball, 6MD, EV 87.5 MPH)
Top of the 8th over - 0 runs, 1 hit, 0 errors, 0 left on base; St. Louis 5 - Kansas City 2
BOTTOM OF THE 8TH
Kansas City Royals batting - Pitching for St. Louis Cardinals : RHP Dillon Maples
Pitching: LHP Jose Alvarez
Batting: RHB Manuel Margot 0-0: Ball
1-0: Fly out, F8 (Line Drive, 8LM, EV 98.1 MPH)
Batting: LHB Anthony Rizzo 0-0: Called Strike
0-1: Fly out, F9 (Line Drive, 9, EV 101.9 MPH)
Batting: RHB Nolan Arenado 0-0: Ball
1-0: SINGLE (Line Drive, 6M, EV 105.6 MPH)
Batting: RHB Howie Kendrick 0-0: Ball
1-0: Ground out 4-3 (Groundball, 34, EV 105.0 MPH)
Bottom of the 8th over - 0 runs, 1 hit, 0 errors, 1 left on base; St. Louis 5 - Kansas City 2
TOP OF THE 9TH
St. Louis Cardinals batting - Pitching for Kansas City Royals : LHP JoJo Romero
Pitching: LHP Jose Alvarado
Batting: RHB Harrison Bader 0-0: Ball
1-0: Ball
2-0: Foul Ball, location: 2F
2-1: Foul Ball, location: 2F
2-2: Ball
3-2: Base on Balls
Batting: LHB Matt Olson 0-0: Called Strike
0-1: Called Strike
0-2: Ball
1-2: Foul Ball, location: 2F
1-2: Ball
Pickoff Throw to First - Error! E1
Harrison Bader to second
2-2: Foul Ball, location: 2F
2-2: Ball
3-2: Foul Ball, location: 2F
3-2: Base on Balls
Batting: RHB Brendan Rodgers 0-0: Called Strike
0-1: SINGLE (Groundball, 6D, EV 96.9 MPH)
Harrison Bader to third
Matt Olson to second
Batting: RHB Hernan Perez 0-0: Foul Ball, location: 2F
0-1: Called Strike
0-2: Foul Ball, location: 2F
0-2: Ball
1-2: SINGLE (Groundball, 13S, EV 71.9 MPH) (infield hit)
Harrison Bader scores
Matt Olson to third
Brendan Rodgers to second
Batting: LHB Juan Soto 0-0: Foul Ball, location: 2F
0-1: Foul Ball, location: 2F
0-2: Ball
1-2: Ball
2-2: Ball
3-2: Foul Ball, location: 2F
3-2: Foul Ball, location: 2F
3-2: Fly out, F9 (Line Drive, 8RM, EV 106.3 MPH)
Runner from 3rd tags up, SCORES, no throw by RF
Pitching: RHP Jairo Diaz
Batting: SHB Ozzie Albies 0-0: Ball
1-0: Called Strike
1-1: Called Strike
1-2: Ball
2-2: Strikes out looking
Batting: LHB Austin Meadows 0-0: Foul Ball, location: 2F
0-1: Ball
1-1: Ball
Wild Pitch!
Brendan Rodgers to third
Hernan Perez to second
2-1: Ball
3-1: Base on Balls
Batting: RHB Todd Frazier 0-0: Called Strike
0-1: Ball
1-1: Ball
2-1: Called Strike
2-2: Fly out, F5 (Line Drive, 5, EV 66.9 MPH)
Top of the 9th over - 2 runs, 2 hits, 1 error, 3 left on base; St. Louis 7 - Kansas City 2
BOTTOM OF THE 9TH
Kansas City Royals batting - Pitching for St. Louis Cardinals : LHP Jose Alvarez
Batting: RHB Aristides Aquino 0-0: Called Strike
0-1: Ball
1-1: SINGLE (Line Drive, 7LS, EV 92.5 MPH)
Batting: RHB Dansby Swanson 0-0: SINGLE (Line Drive, 4MD, EV 108.8 MPH)
Aristides Aquino to second
Batting: RHB Sean Murphy 0-0: Called Strike
0-1: SINGLE (Line Drive, 4D, EV 95.6 MPH)
Aristides Aquino to third
Dansby Swanson to second
Batting: LHB Nicky Lopez 0-0: Ball
Balk!
Aristides Aquino scores
Dansby Swanson to third
Sean Murphy to second
1-0: SINGLE (Line Drive, 8RS, EV 94.4 MPH)
Dansby Swanson scores
Sean Murphy to third
Pitching: RHP Dellin Betances
Now in RF: Brett Phillips
Batting: LHB Trent Grisham 0-0: Foul Ball, location: 2F
0-1: Ball
1-1: Ball
2-1: Foul Ball, location: 2F
2-2: Strikes out swinging
Pinch Hitting: LHB Jesse Winker 0-0: Ball
1-0: Called Strike
1-1: Swinging Strike
1-2: Strikes out looking
Batting: LHB Anthony Rizzo 0-0: Called Strike
0-1: Swinging Strike
0-2: Ball
1-2: Foul Ball, location: 2F
1-2: Ball
2-2: Ball
3-2: Strikes out swinging
Bottom of the 9th over - 2 runs, 4 hits, 0 errors, 2 left on base; St. Louis 7 - Kansas City 4
Tuesday, October 6th, 2020 - OOTP Baseball 21.6 Build 83